 Dungeon Crawl Stone Soup version 0.22.0-49-gab54619674 (webtiles) character file.

458 JedernureinKreuz the Sneak (level 6, -18/51 HPs)
             Began as a Demigod Assassin on Sept 7, 2018.
             Demolished by an ogre
             ... wielding a +0 giant club
              (25 damage)
             ... on level 5 of the Dungeon.
             The game lasted 00:18:56 (4192 turns).

JedernureinKreuz the Sneak (Demigod Assassin)       Turns: 4192, Time: 00:18:56

Health: -18/51     AC:  4    Str: 14    XL:     6   Next: 48%
Magic:  8/8        EV: 13    Int: 15    God:
Gold:   259        SH:  0    Dex: 21    Spells: 5/5 levels left

rFire    . . .     SeeInvis .   a - +1 dagger (drain)
rCold    . . .     Gourm    .   (no shield)
rNeg     . . .     Faith    +   B - +0 leather armour
rPois    .         Spirit   .   (no helmet)
rElec    .         Reflect  .   d - +0 cloak
rCorr    .         Harm     .   (no gloves)
MR       .....                  (no boots)
Stlth    +++.......             x - amulet of faith
HPRegen  0.17/turn              (no ring)
MPRegen  0.11/turn              (no ring)

@: no status effects
A: high mp 1
a: no special abilities


You were on level 5 of the Dungeon.
You were not hungry.

You visited 1 branch of the dungeon, and saw 5 of its levels.

You collected 259 gold pieces.

Inventory:

Hand Weapons
 a - a +1 dagger of draining (weapon)
 b - a +0 blowgun
 s - a +2 dagger
 t - a +0 hunting sling
 A - a +3 short sword
Missiles
 e - 8 poisoned needles
 f - 4 curare-tipped needles
 C - 5 tomahawks of dispersal (quivered)
Armour
 c - a +0 robe
 d - a +0 cloak (worn)
 j - a scarf of spirit shield
 B - a +0 leather armour (worn)
Jewellery
 w - an uncursed ring of magical power {unknown}
 x - an amulet of faith (around neck)
Scrolls
 i - a scroll of fear {unknown}
 m - 4 scrolls of remove curse {unknown}
 n - 2 scrolls of blinking {unknown}
 p - a scroll of fog {unknown}
 q - 2 scrolls of immolation {unknown}
 y - a scroll of teleportation {unknown}
Potions
 h - a potion of might {unknown}
 k - 2 potions of brilliance {unknown}
 l - a potion of lignification {unknown}
 o - 2 potions of mutation {unknown}
 r - 2 potions of cancellation
 u - a potion of heal wounds
 v - a potion of haste {unknown}
 z - a potion of degeneration {unknown}
Comestibles
 g - 3 rations


   Skills:
 + Level 3.3 Fighting
 + Level 3.3 Short Blades
 + Level 3.3 Throwing
 + Level 2.7 Dodging
 + Level 4.8 Stealth


You had 5 spell levels left.
You didn't know any spells.
Your spell library was empty.

Dungeon Overview and Level Annotations

Branches:
Dungeon (5/15)
 Temple: D:4-7

Shops:
D:4 !


Innate Abilities, Weirdness & Mutations

You have an increased reservoir of magic. (+10% MP)


Message History

The orc is severely wounded.
The orc barely misses you. The ogre hits you with a giant club!
* * * LOW HITPOINT WARNING * * *
You closely miss the orc.
The orc is severely wounded.
You feel sick.
You closely miss the orc.
The orc is severely wounded.
The ogre misses you. The orc hits you with a mace.
* * * LOW HITPOINT WARNING * * *
You hit the orc. You drain the orc!
You kill the orc!
The orc hits you but does no damage. The ogre misses you.
You feel sick.
You are no longer poisoned.
There is a stone staircase leading up, spattered with blood here.
You hit the ogre. You drain the ogre!
The ogre is moderately wounded.
The ogre hits you with a giant club!!
You die...

.........# ###
##.# ........##
#.## .......##
###.# ..<...##
###...# ....###
##.....# ..###
###....#.# #..##
###....###.#
##..## ##....###
#.# ###.###
######@..### #.#
##..####..o.O.###
#..
##.........###
#.. ##.......##
#.......##
#.....### ##...##
#####


You could see an ogre and an orc.

Vanquished Creatures
  A bullfrog (D:5)
  A crimson imp (D:5)
  A hound (D:2)
  An orc priest (D:4)
  An iguana (D:5)
  4 orc wizards (D:4)
  A worker ant (D:3)
  An adder (D:2)
  3 gnolls (D:4)
  A shadow imp (D:5)
  An ooze (D:3)
  An adder zombie (D:5)
  3 dart slugs
  4 leopard geckos
  13 orcs
  A ball python (D:1)
  10 bats
  A giant cockroach (D:3)
  9 goblins
  5 hobgoblins
  5 jackals
  6 frilled lizards
  10 kobolds
  2 rats
86 creatures vanquished.

Notes
Turn   | Place    | Note
-------+----------+-------------------------------------------
     0 | D:1      | JedernureinKreuz the Demigod Assassin began the quest for
                  | the Orb.
     0 | D:1      | Reached XP level 1. HP: 17/17 MP: 3/3
    53 | D:1      | Reached skill level 1 in Dodging
   369 | D:1      | Reached XP level 2. HP: 22/24 MP: 4/4
  1286 | D:2      | Reached XP level 3. HP: 28/29 MP: 5/5
  1374 | D:2      | Found a glowing golden altar of the Shining One.
  1420 | D:2      | Reached skill level 4 in Stealth
  1455 | D:2      | Found a bloodstained altar of Trog.
  1556 | D:2      | Found an ornate altar of the Wu Jian Council.
  1569 | D:2      | Reached XP level 4. HP: 18/37 MP: 4/6
  1637 | D:2      | Found an iron altar of Okawaru.
  1640 | D:2      | Found a hide-covered altar of Uskayaw.
  1643 | D:2      | Found an ancient bone altar of Kikubaaqudgha.
  1965 | D:3      | Found a glowing silver altar of Zin.
  2409 | D:4      | Found a snail-covered altar of Cheibriados.
  2487 | D:4      | Found Jiab's Distillery.
  2563 | D:4      | Reached XP level 5. HP: 20/42 MP: 3/7
  3276 | D:4      | Reached XP level 6. HP: 28/51 MP: 8/8
  3441 | D:5      | Entered Level 5 of the Dungeon
  4164 | D:5      | HP: 2/51 [poisoned by an orc]
  4192 | D:5      | Demolished by an ogre

Skill      XL: |  1  2  3  4  5 |
---------------+----------------+-----
Dodging        | 1 2 |  2.7
Fighting       | 2 3 |  3.3
Short Blades   | 2 3 |  3.3
Throwing       | 2 3 |  3.3
Stealth        | 4 |  4.8

Action                   |  1- 3 |  4- 6 || total
-------------------------+-------+-------++-------
Melee: Dagger            |   161 |   370 ||   531
 Fire: Blowgun           |       |     8 ||     8
  Use: Potion            |       |     2 ||     2
 Stab: Sleeping          |     2 |     6 ||     8
       Distracted        |       |     3 ||     3
  Eat: Chunk             |     2 |     3 ||     5
       Ration            |       |     2 ||     2
Armor: Robe              |    30 |    10 ||    40
       Leather armour    |       |    56 ||    56
Dodge: Dodged            |   123 |   166 ||   289
